 Dungeon Crawl Stone Soup version 0.28.0-47-ge53b351184 (webtiles) character file.

Game seed: 14858508657879102598

22 Peloso the Skirmisher (level 2, -1/27 HPs)
             Began as a Minotaur Fighter on Apr 29, 2022.
             Succumbed to a goblin's poison
             ... on level 1 of the Dungeon.
             The game lasted 00:00:39 (261 turns).

Peloso the Skirmisher (Minotaur Fighter)             Turns: 261, Time: 00:00:40

Health: -1/27      AC:  7    Str: 20    XL:     2   Next: 68%
Magic:  1/1        EV:  9    Int:  5    God:
Gold:   12         SH:  4    Dex:  9    Spells: 1/1 levels left

rFire   . . .      SeeInvis .   a - +0 long sword
rCold   . . .      Faith    .   c - +0 buckler
rNeg    . . .      Spirit   .   b - +0 scale mail
rPois   .          Reflect  .   (helmet restricted)
rElec   .          Harm     .   (no cloak)
rCorr   .          Rampage  .   (no gloves)
Will    .....                   (no boots)
Stlth   ..........              (no amulet)
HPRegen 0.09/turn               (no ring)
MPRegen 0.07/turn               (no ring)

@: lethally poisoned (-1 -> -27)
A: horns 2, retaliatory headbutt
a: no special abilities


You were on level 1 of the Dungeon.
You visited 1 branch of the dungeon, and saw 1 of its levels.

You collected 12 gold pieces.

Inventory:

Hand Weapons
 a - a +0 long sword (weapon)
Armour
 b - a +0 scale mail (worn)
 c - a +0 buckler (worn)
Scrolls
 e - 3 scrolls of identify {unknown}
 f - a scroll of fear {unknown}
Potions
 d - a potion of might


   Skills:
 + Level 4.1 Fighting
 + Level 2.6 Long Blades
 + Level 4.0 Armour
 + Level 3.9 Shields


You had one spell level left.
You didn't know any spells.
Your spell library was empty.

Dungeon Overview and Level Annotations

Branches:
Dungeon (1/15)

Altars:


Innate Abilities, Weirdness & Mutations

You have a pair of horns on your head.
You reflexively headbutt those who attack you in melee.


Message History

The giant cockroach barely misses you.
You hit the giant cockroach.
You kill the giant cockroach!
The endoplasm jiggles.
Your Armour skill increases to level 4!
Found a scroll labelled HEM ZAFUIRHUOLA.
A jackal comes into view.
The jackal barks!
A goblin comes into view. It is wielding a +1 dagger of venom.
The jackal moves out of view.
You barely miss the endoplasm.
The endoplasm hits you but does no damage.
The endoplasm freezes you.
You are frozen.
You slash the endoplasm!
You kill the endoplasm!
A hobgoblin, a rat and a jackal come into view.
The hobgoblin shouts!
The jackal barks!
The goblin hits you with a +1 dagger of venom.
You are poisoned.
You closely miss the jackal.
You feel very sick. The goblin barely misses you.
The jackal bites you but does no damage.
You feel sick. The goblin hits you but does no damage.
You are more poisoned.
Unknown command.
You closely miss the goblin.
You feel very sick. The goblin barely misses you.
You block the jackal's attack.
The goblin hits you with a +1 dagger of venom.
You are more poisoned.
You closely miss the goblin.
* * * LOW HITPOINT WARNING * * *
You feel very sick. The jackal barely misses you.
The jackal completely misses you. The goblin hits you but does no damage.
You are more poisoned.
You completely miss the goblin.
You die...

.......#### ..........
.......... ......... .
......... # ##. #r.....#
. #.. ###gg....#. #.
#.####.@hh...... #
#.###.##....#....?..
##...#.............>.....
...(..........##.#......#
...........#####.#......#
........................#
.####................##.#
..###.............##.# .#
#..#..............##.#


You could see 2 jackals, a hobgoblin, a goblin and a rat.

Vanquished Creatures
  A bat (D:1)
  3 endoplasms (D:1)
  2 giant cockroaches (D:1)
  A hobgoblin (D:1)
  4 jackals (D:1)
  4 kobolds (D:1)
  A goblin (D:1)
  2 rats (D:1)
18 creatures vanquished.

Notes
Turn   | Place    | Note
-------+----------+-------------------------------------------
     0 | D:1      | Peloso the Minotaur Fighter began the quest for the Orb.
     0 | D:1      | Reached XP level 1. HP: 19/19 MP: 0/0
    75 | D:1      | Reached XP level 2. HP: 27/27 MP: 1/1
   261 | D:1      | Succumbed to a goblin's poison

Illustrated notes

Levels and vault maps discovered:
D:1:      dpeg_arrival_rhombus, layout_rooms, minmay_close_crescents

Skill      XL: |  1  2 |
---------------+-------+-----
Fighting       | 4 |  4.1
Armour         | 4 |  4.0
Long Blades    | |  2.6
Shields        | |  3.9

Action                   || total
-------------------------++-------
Melee: Long sword        ||    37
       Headbutt          ||     6
Armor: Scale mail        ||    25
Dodge: Dodged            ||    20
Block: Buckler           ||    12
